 Dungeon Crawl Stone Soup version 0.17-a0-1475-g9f81d98 (webtiles) character file.

317022 nubinia the Acrobat (level 20, -1/89 HPs)
             Began as a Spriggan Venom Mage on June 29, 2015.
             Was the Champion of Sif Muna.
             Slain by a vault warden
             ... wielding a +0 halberd
              (25 damage)
             ... on level 3 of the Vaults on July 2, 2015.
             The game lasted 12:18:40 (81901 turns).

nubinia the Acrobat (Spriggan Venom Mage)          Turns: 81901, Time: 12:18:41

Health: -1/89      AC: 28    Str:  4    XL:     20   Next: 54%
Magic:  24/55      EV: 38    Int: 21    God:    Sif Muna [******]
Gold:   1717       SH:  7    Dex: 21    Spells: 18 memorised, 2 levels left

rFire  + + .     SeeInvis +     a - +5 dagger (protect)
rCold  + . .     Clarity  .     k - +3 robe "Luonot" {rElec rPois rF+ MR-}
rNeg   + . .     SustAt   .     I - +0 buckler {AC+3}
rPois  +         Gourm    .     S - +2 hat
rElec  +         Spirit   .     J - +2 cloak {rC+}
rCorr  .         Warding  +     (gloves unavailable)
rMut   .         Stasis   .     (boots unavailable)
MR     ++...                    Z - amulet of warding
Stlth  ++++++++..               T - ring of magical power
                                z - +5 ring of protection

@: stone skin, deflect missiles, very quick, very resistant to hostile
enchantments, extraordinarily stealthy
A: unfitting armour, fangs 1, horns 1, see invisible, fire resistance 1,
herbivore 3, speed 3, slow metabolism 2
a: Channel Energy, Forget Spell, Renounce Religion
}: 2/15 runes: decaying, serpentine


You were on level 3 of the Vaults.
You worshipped Sif Muna.
Sif Muna was exalted by your worship.
You were not hungry.

You visited 7 branches of the dungeon, and saw 40 of its levels.
You also visited: Labyrinth and Ice Cave.

You collected 5256 gold pieces.
You spent 3539 gold pieces at shops.

Inventory:

Hand weapons
 a - a +5 dagger of protection (weapon)
 b - a +0 hunting sling of flaming
 B - a +4 blowgun
Missiles
 m - 13 poisoned sling bullets
 q - 36 poisoned needles
 r - 78 sling bullets
 u - 19 sling bullets of flame
 E - 5 curare-tipped needles
Armour
 k - the +3 robe "Luonot" (worn) {rElec rPois rF+ MR-}
   (You acquired it on level 3 of the Elven Halls)

   It protects you from fire.
   It insulates you from electricity.
   It protects you from poison.
   It affects your resistance to hostile enchantments.
 I - a +0 buckler of protection (worn)
 J - a +2 cloak of cold resistance (worn)
 S - a +2 hat (worn)
Rods
 x - a +6 rod of destruction (14/14)
   (You found it in a labyrinth)
 F - a +4 iron rod (11/11)
   (You found it in a labyrinth)
 X - a +2 rod of clouds (14/14)
   (You found it in a labyrinth)
Jewellery
 h - a +4 ring of protection
 p - an uncursed ring of wizardry
 z - a +5 ring of protection (left hand)
 A - the amulet of the Nine Realms {Spirit rF- Dex+7 Stlth+}
   (You took it off a deep elf death mage on level 3 of the Elven Halls)

   [amulet of guardian spirit]

   It causes incoming damage to be split between your health and magic.
   It affects your dexterity (+7).
   It makes you vulnerable to fire.
   It makes you more stealthy.
 G - an uncursed ring of protection from cold
 T - a ring of magical power (right hand)
 W - a ring of the Octopus King {rN+ AC+1 EV+1 Str+1 Int+1 Dex+1}
   (You bought it in a shop on level 4 of the Dungeon)

   [ring of positive energy]

   It affects your AC (+1).
   It affects your evasion (+1).
   It affects your strength (+1).
   It affects your intelligence (+1).
   It affects your dexterity (+1).
   It protects you from negative energy.
 Z - an amulet of warding (around neck)
Magical devices
 c - a wand of disintegration (2)
 f - a wand of digging (7)
 C - a wand of cold (0)
 H - a wand of draining (5)
 Y - a wand of fireball (1)
Scrolls
 e - 17 scrolls of remove curse
 K - 2 scrolls of recharging
 L - 4 scrolls of magic mapping
 M - 3 scrolls of blinking
 N - a scroll of enchant armour
 R - 6 scrolls of teleportation
 U - 9 scrolls of identify
Potions
 d - 2 potions of flight
 g - 3 potions of agility
 i - 12 potions of curing
 l - 4 potions of brilliance
 n - a potion of cancellation
 t - 2 potions of might
 w - 2 potions of magic
 P - 5 potions of heal wounds
 V - 6 potions of haste
Miscellaneous
 j - a stone of tremors
 v - a phial of floods
 y - a lamp of fire
 O - a phantom mirror
 Q - a phial of floods
Comestibles
 s - 10 bread rations


   Skills:
 + Level 3.6 Fighting
 + Level 6.0 Short Blades
   Level 0.2 Polearms
 + Level 13.1(13.2) Slings
   Level 2.4 Crossbows
 + Level 2.9(8.4) Throwing
 + Level 7.3 Armour
 + Level 21.3 Dodging
 + Level 18.0 Stealth
 + Level 2.0 Shields
 + Level 21.1 Spellcasting
 + Level 10.0 Conjurations
 + Level 7.3 Hexes
 + Level 10.0 Charms
 + Level 4.0 Necromancy
 + Level 12.4 Translocations
 + Level 5.5 Transmutations
   Level 0.5 Ice Magic
 + Level 6.7 Air Magic
 + Level 5.7 Earth Magic
 - Level 9.4 Poison Magic
 + Level 0.2 Invocations
 + Level 4.4 Evocations


You had 2 spell levels left.
You knew the following spells:

 Your Spells              Type           Power        Failure   Level  Hunger
a - Bolt of Draining      Conj/Necr      ######....   6%          5    None
b - Dazzling Spray        Conj/Hex       ######..     1%          3    None
c - Mephitic Cloud        Conj/Pois/Air  ######..     1%          3    None
d - Magic Dart            Conj           ####         1%          1    None
e - Deflect Missiles      Chrm/Air       ######....   17%         6    ###....
f - Force Lance           Conj/Tloc      ######..     1%          4    None
g - Gell's Gravitas       Hex/Tloc       ######....   1%          3    None
h - Iskenderun's Mystic   Conj           ######..     1%          4    None
i - Passwall              Trmt/Erth      #####.....   1%          3    None
j - Dispersal             Tloc           ######....   2%          6    ###....
k - Sticky Flame          Conj/Fire      #####...     4%          4    None
o - Olgreb's Toxic Radia  Pois           ######..     1%          4    None
p - Phase Shift           Tloc           ######....   1%          5    None
s - Stoneskin             Trmt/Erth      #####...     1%          2    None
A - Apportation           Tloc           ######....   1%          1    None
B - Blink                 Tloc           N/A          1%          2    None
P - Cure Poison           Pois           ######....   1%          2    None
S - Animate Skeleton      Necr           N/A          1%          1    None


Dungeon Overview and Level Annotations

Branches:
Dungeon (14/15)            Temple (0/1) D:6            Lair (8/8) D:10
  Swamp (4/4) Lair:6        Snake (4/4) Lair:6        Slime (0/6) Lair:7
    Orc (4/4) D:11            Elf (3/3) Orc:3        Vaults (3/5) D:14
  Crypt: Vaults:2-3

Altars:
Ashenzari
Cheibriados
Dithmenos
Elyvilon
Fedhas
Gozag
Kikubaaqudgha
Makhleb
Nemelex Xobeh
Okawaru
Qazlal
Sif Muna
Zin
The Shining One
Beogh
Jiyva

Shops:
D:4 =   D:9 !   Orc:4 *[(*[:   Elf:3 ?[:(*

Portals:
Hell: Lair:8
Trove: D:13 (show slimy rune of Zot)

Annotations:
Swamp:3 exclusion: Roxanne, Roxanne


Innate Abilities, Weirdness & Mutations

You are tiny and cannot use many weapons and most armour.
You have supernaturally acute eyesight.
You are a herbivore.
You cover ground extremely quickly.
You need consume almost no food.
You have very sharp teeth.
You have a pair of small horns on your head.
Your flesh is heat resistant.


Message History

The vault guard completely misses you.
The vault sentinel shouts!
Casting: Dazzling Spray
Confirm with . or Enter, or press ? or * to list all spells.
Aiming: Dazzling Spray
Press: ? - help, Shift-Dir - straight line, f/p - vault guard
Aim: a vault guard, wielding a war axe and wearing a glowing plate armour (heavily wounded, unusually strong, poisoned)
The spray of energy hits the vault guard.
The vault guard is severely wounded.
The vault guard is dazzled.
The spray of energy hits the vault warden.
The vault warden is heavily wounded.
The spray of energy hits the vault guard.
You kill the vault guard!
The vault guard looks more healthy.
The vault warden seems less confused.
The vault warden hits you with a broad axe!!
* * * LOW HITPOINT WARNING * * *
The vault guard completely misses you.
The vault warden hits you from afar with a halberd!!
You die...

.............)...................
.......########..................
......###### ##.................
......# #.... #.................
.....## ..... ##....)...........
.....# +#.... ##...............
.....# .#....####...ZZ..........
.....# p#...['pp######+#........
.....# .#...)).@+......#........
.....# .#....p))#......#........
.....# .#....####......#........
.....# +#.... #......#........
.....## ..... ###......#........
......# #.... #.#......#........
......###### ##.########........
.......########..................
.................................


You could see 2 vault wardens and a vault guard (blind).

Vanquished Creatures
  Jorgrun (Elf:3)
  3 deep elf blademasters
  2 deep elf master archers (Elf:3)
  A storm dragon (D:13)
  2 thorn hunters
  12 greater nagas
  Maud (D:12)
  3 deep elf sorcerers (Elf:3)
  Aizul (Swamp:1)
  3 vault wardens
  2 orc warlords
  7 ironheart preservers
  3 stone giants
  7 very ugly things
  A salamander stormcaller (Vaults:3)
  3 deep elf demonologists
  7 deep elf annihilators
  Snorg (D:11)
  4 deep elf death magi (Elf:3)
  4 fire dragons
  A minotaur (Lab)
  A death ooze (Swamp:4)
  A yaktaur captain (Vaults:1)
  2 great orbs of eyes
  2 green deaths (Swamp:4)
  2 deep elf high priests (Elf:3)
  A rakshasa (Vaults:1)
  9 vault guards
  18 hydras
  Harold (Orc:1)
  14 naga warriors
  3 hell beasts
  An ice dragon (Vaults:2)
  2 catoblepae
  A ghost crab (Lair:6)
  5 ogre magi
  3 anacondas
  6 centaur warriors
  13 alligators
  Erica (Lair:2)
  13 dancing weapons (Elf:2)
  6 death yaks (Lair:6)
  9 shock serpents
  3 orc high priests
  2 thrashing horrors (Swamp:4)
  A sun demon (Lair:8)
  22 naga sharpshooters
  18 deep elf knights
  Sonja (Orc:2)
  Nergalle (Orc:2)
  2 spriggans
  5 unseen horrors
  2 skeletal warriors (Vaults:2)
  2 salamander mystics
  5 deep trolls
  8 deep elf summoners
  3 naga ritualists
  8 swamp dragons
  5 hill giants
  2 shambling mangroves
  4 ironbrand convokers
  8 orc knights
  12 deep elf conjurers
  30 ugly things
  4 wizards
  A necromancer (Vaults:1)
  2 manticores (D:13)
  9 salamanders
  3 cyclopes
  7 mana vipers
  2 orc sorcerers (Orc:4)
  2 wolf spiders (Vaults:1)
  A guardian serpent (Snake:2)
  5 griffons
  17 elephants
  A salamander (shapeshifter) (Elf:1)
  A vault sentinel (Vaults:1)
  4 hornets
  5 orange demons
  24 black mambas
  A gargoyle (D:14)
  22 spiny frogs
  Psyche (D:12)
  4 kobold demonologists
  21 naga magi
  12 komodo dragons
  5 yaktaurs
  9 fire drakes
  A red devil (Lair:8)
  An efreet (D:14)
  10 trolls
  A human skeleton (Vaults:1)
  A yaktaur skeleton (Vaults:1)
  A hellwing (Lair:8)
  A wandering mushroom (Lair:3)
  13 deep elf priests
  2 freezing wraiths
  5 blue devils
  5 giant leeches
  A boulder beetle (Vaults:1)
  10 two-headed ogres
  22 blink frogs
  19 slime creatures
  13 bog bodies
  A human simulacrum (Vaults:1)
  A trapdoor spider zombie (D:12)
  6 trapdoor spiders
  26 deep elf fighters
  5 basilisks
  57 yaks
  3 wraiths
  An ettin skeleton (Vaults:2)
  30 deep elf magi
  A human (D:7)
  4 shadows
  A hog (D:7)
  4 wyverns
  13 hippogriffs
  23 swamp worms
  16 insubstantial wisps
  10 wolves
  Edmund (D:5)
  9 hungry ghosts
  5 wargs
  31 nagas
  A soldier ant (D:9)
  14 vampire mosquitoes
  16 water moccasins
  6 swamp drakes
  13 porcupines
  A mottled dragon (D:14)
  12 wasps
  A black bear (D:6)
  4 hell hounds (Elf:1)
  4 boggarts (D:14)
  47 orc warriors
  A phantom (D:10)
  4 sky beasts
  8 spiders (Lair:5)
  An eye of draining (D:11)
  11 ice beasts
  An eye of draining (shapeshifter) (D:14)
  16 centaurs
  2 necrophages
  22 crocodiles
  14 ogres
  A brain worm (D:14)
  5 big kobolds
  A gnoll sergeant (D:6)
  19 giant frogs
  A boulder beetle zombie (Vaults:1)
  A water moccasin skeleton (D:5)
  A glowing shapeshifter simulacrum (Vaults:1)
  5 scorpions
  15 killer bees
  3 electric eels (Lair:5)
  7 crimson imps
  2 centaur zombies
  A giant frog zombie (D:11)
  4 hounds
  9 iguanas
  6 jellies
  30 orc wizards
  A centaur skeleton (D:3)
  3 giant frog skeletons
  33 orc priests
  6 hell rats (Lair:4)
  11 worker ants
  19 sheep
  A hound zombie (D:7)
  2 hound skeletons
  10 gnolls
  13 adders
  39 river rats
  3 white imps (IceCv)
  2 shadow imps (D:8)
  11 ufetubi (IceCv)
  4 oozes
  3 adder zombies
  4 worms
  194 orcs
  2 ball pythons
  14 bats
  3 bat zombies (D:8)
  12 giant cockroaches
  23 goblins
  24 hobgoblins
  17 jackals
  31 kobolds
  4 quokkas
  8 giant geckos
  A giant gecko skeleton (D:6)
  A giant gecko zombie (D:5)
  11 giant newts
  A quokka zombie (D:9)
  18 rats
  3 fungi
  A plant (Lair:4)
1687 creatures vanquished.

Vanquished Creatures (collateral kills)
  Norris (Snake:2)
  A thorn hunter (Swamp:3)
  Louise (Swamp:2)
  An ironheart preserver (Vaults:2)
  A stone giant (Orc:3)
  A deep elf annihilator (Elf:3)
  A deep elf high priest (Elf:2)
  A hydra (Swamp:3)
  4 naga warriors
  A centaur warrior (Vaults:3)
  A ghost crab (Swamp:2)
  2 anacondas
  A dancing weapon (Elf:2)
  2 alligators
  2 naga sharpshooters
  A salamander mystic (Snake:4)
  3 naga ritualists (Snake:4)
  A swamp dragon (Swamp:4)
  3 deep trolls (Vaults:2)
  A shambling mangrove (Swamp:2)
  3 harpies (Vaults:2)
  An ironbrand convoker (Vaults:3)
  2 deep elf conjurers
  An orc knight (Vaults:3)
  A cyclops (Vaults:1)
  A necromancer (Vaults:2)
  12 ugly things
  4 mana vipers
  An octopode (shapeshifter) (Elf:3)
  4 salamanders
  A guardian serpent (Snake:2)
  7 black mambas
  6 naga magi
  2 deep elf priests (Elf:2)
  A troll (Vaults:3)
  A tengu simulacrum (Vaults:3)
  3 slime creatures (Vaults:1)
  3 blink frogs (Swamp:3)
  2 giant leeches
  4 two-headed ogres
  A hornet zombie (D:13)
  5 bog bodies
  2 ettin skeletons (Vaults:2)
  A deep elf mage (Elf:3)
  A hungry ghost (D:14)
  A spriggan (Lair:6)
  A mottled dragon (Vaults:2)
  A vampire mosquito (Swamp:3)
  4 deep elf fighters
  2 swamp worms
  5 insubstantial wisps
  18 nagas
  2 water moccasins (Snake:4)
  A swamp drake (Swamp:1)
  A warg (Vaults:3)
  An ettin simulacrum (Vaults:2)
  2 wasps
  A centaur (Vaults:3)
  An ice beast (shapeshifter) (Elf:3)
  2 ogres (Vaults:2)
  An orc warrior (Elf:3)
  2 human skeletons (Vaults:2)
  A giant frog (D:14)
  A fungus (Snake:2)
148 creatures vanquished.

Vanquished Creatures (others)
  A yaktaur captain (Vaults:1)
  A centaur warrior (D:14)
  A deep elf conjurer (Elf:2)
  A deep elf fighter (Elf:2)
  A swamp drake (Swamp:3)
  An ufetubus (IceCv)
  4 briar patches (Swamp:3)
  12 fungi
  5 plants
27 creatures vanquished.

Grand Total: 1862 creatures vanquished

Notes
Turn   | Place    | Note
--------------------------------------------------------------
     0 | D:1      | nubinia the Spriggan Venom Mage began the quest for the Orb.
     0 | D:1      | Reached XP level 1. HP: 9/9 MP: 5/5
   360 | D:1      | Reached XP level 2. HP: 13/13 MP: 3/6
   577 | D:1      | Learned a level 2 spell: Cure Poison
   973 | D:1      | Reached XP level 3. HP: 16/16 MP: 4/8
   978 | D:1      | Learned a level 3 spell: Mephitic Cloud
  1498 | D:2      | Found a sparkling altar of Nemelex Xobeh.
  1668 | D:2      | Found a white marble altar of Elyvilon.
  1691 | D:2      | Found a blossoming altar of Fedhas.
  1940 | D:2      | Reached XP level 4. HP: 21/21 MP: 2/9
  2071 | D:2      | Reached skill level 1 in Conjurations
  2961 | D:3      | Reached skill level 1 in Air Magic
  3653 | D:3      | Reached XP level 5. HP: 24/24 MP: 4/11
  3915 | D:4      | Reached skill level 1 in Slings
  4256 | D:4      | Found Gedyeshosh's Jewellery Shop.
  4400 | D:4      | Noticed a phantom
  4888 | D:4      | Reached XP level 6. HP: 29/29 MP: 9/13
  5027 | D:5      | Entered Level 5 of the Dungeon
  5321 | D:5      | Found a white marble altar of Elyvilon.
  5333 | D:5      | Noticed Edmund
  5456 | D:5      | Killed Edmund
  5456 | D:5      | Reached skill level 5 in Poison Magic
  5534 | D:5      | Reached skill level 5 in Spellcasting
  5534 | D:5      | Reached XP level 7. HP: 20/32 MP: 7/15
  5713 | D:5      | Reached skill level 5 in Stealth
  5766 | D:5      | Found a snail-covered altar of Cheibriados.
  5920 | D:5      | Found an opulent altar of Gozag.
  5921 | D:5      | Found a shadowy altar of Dithmenos.
  5921 | D:5      | Found a stormy altar of Qazlal.
  5921 | D:5      | Found a glowing golden altar of the Shining One.
  5975 | D:5      | Reached skill level 1 in Short Blades
  6098 | D:5      | Found a deep blue altar of Sif Muna.
  6098 | D:5      | Found an ancient bone altar of Kikubaaqudgha.
  6106 | D:5      | Became a worshipper of Sif Muna the Loreminder
  6269 | D:6      | Reached skill level 1 in Fighting
  6285 | D:6      | Found a staircase to the Ecumenical Temple.
  6634 | D:7      | Noticed a hog
  6634 | D:7      | Noticed a human
  6635 | D:7      | Noticed a yak
  6677 | D:7      | Killed a human
  6677 | D:7      | Reached skill level 6 in Spellcasting
  6677 | D:7      | Reached XP level 8. HP: 33/37 MP: 3/18
  6809 | D:7      | Killed a hog
  6928 | D:7      | Killed a yak
  6928 | D:7      | Acquired Sif Muna's first power
  7219 | D:7      | Reached skill level 5 in Slings
  7352 | D:7      | Reached skill level 7 in Spellcasting
  7573 | D:7      | Reached skill level 5 in Dodging
  8143 | D:6      | Reached XP level 9. HP: 41/41 MP: 1/21
  8194 | D:6      | Reached skill level 1 in Crossbows
  8436 | D:6      | Found a burning altar of Makhleb.
  8677 | D:7      | Acquired Sif Muna's second power
  8677 | D:7      | Reached skill level 8 in Spellcasting
  9190 | D:8      | Found a shattered altar of Ashenzari.
  9706 | D:8      | Found a sparkling altar of Nemelex Xobeh.
  9737 | D:8      | Found a glowing silver altar of Zin.
 10801 | D:9      | Reached skill level 9 in Spellcasting
 11020 | D:9      | Reached XP level 10. HP: 45/45 MP: 14/24
 11931 | D:9      | Reached skill level 10 in Spellcasting
 12292 | D:9      | Found Tygus's Distillery.
 12460 | D:10     | Entered Level 10 of the Dungeon
 12684 | D:10     | Noticed a hill giant
 12709 | D:10     | Killed a hill giant
 12709 | D:10     | Acquired Sif Muna's third power
 12789 | D:10     | Noticed a purple ugly thing
 12799 | D:10     | Learned a level 4 spell: Olgreb's Toxic Radiance
 12845 | D:10     | Reached XP level 11. HP: 49/49 MP: 2/26
 13571 | D:10     | Killed a purple ugly thing
 13571 | D:10     | Reached skill level 10 in Slings
 13571 | D:10     | Reached skill level 11 in Spellcasting
 13912 | D:11     | Found an iron altar of Okawaru.
 14245 | D:11     | Found a staircase to the Orcish Mines.
 14544 | D:11     | Noticed Snorg
 14758 | D:11     | Killed Snorg
 15147 | D:12     | Noticed Psyche
 15158 | D:12     | Killed Psyche
 16284 | D:11     | Reached skill level 12 in Spellcasting
 16918 | D:12     | Reached skill level 5 in Conjurations
 17000 | D:12     | Reached XP level 12. HP: 48/53 MP: 15/29
 17008 | D:12     | Noticed Maud
 17340 | D:12     | Killed Maud
 17786 | D:12     | Noticed a hill giant
 17803 | D:12     | Killed a hill giant
 18208 | D:10     | Found a staircase to the Lair.
 18336 | D:10     | Received a gift from Sif Muna
 18342 | D:10     | Learned a level 3 spell: Stone Arrow
 18397 | Lair:1   | Entered Level 1 of the Lair of Beasts
 18543 | Lair:1   | Reached skill level 1 in Earth Magic
 18826 | Lair:1   | Reached skill level 13 in Spellcasting
 19247 | Lair:1   | Noticed a seven-headed hydra
 19464 | Lair:2   | Noticed Erica
 19495 | Lair:2   | Killed Erica
 20487 | Lair:3   | Reached skill level 14 in Spellcasting
 21790 | Lair:4   | Reached XP level 13. HP: 44/57 MP: 19/32
 22742 | Lair:5   | Reached skill level 10 in Stealth
 23531 | Lair:5   | Received a gift from Sif Muna
 23532 | Lair:5   | Identified Jeirall's Catalogue of Toxins and Attacks (Sif Muna gifted it to you on level 5 of the Lair of Beasts)
 23537 | Lair:5   | Learned a level 3 spell: Spider Form
 23773 | Lair:5   | Found a hole to the Spider Nest.
 23865 | Lair:5   | Reached skill level 1 in Transmutations
 24059 | Lair:5   | Reached skill level 15 in Spellcasting
 24578 | Lair:6   | Found a staircase to the Snake Pit.
 24932 | Lair:6   | Found a staircase to the Swamp.
 26403 | Lair:7   | Reached skill level 5 in Earth Magic
 26811 | Lair:7   | Found a viscous altar of Jiyva.
 26812 | Lair:7   | Found a staircase to the Slime Pits.
 27363 | Lair:8   | Entered Level 8 of the Lair of Beasts
 27397 | Lair:8   | Found a labyrinth entrance.
 27453 | Lair:8   | Upgraded the game from 0.17-a0-1447-g3d113ad to 0.17-a0-1450-g7e755d1
 27488 | Lab      | Entered a labyrinth
 28291 | Lab      | Reached XP level 14. HP: 55/62 MP: 20/34
 28710 | Lab      | Received a gift from Sif Muna
 28728 | Lab      | Identified Lehudib's Reference Book on Conjuration (Sif Muna gifted it to you in a labyrinth)
 28733 | Lab      | Learned a level 3 spell: Dazzling Spray
 28738 | Lab      | Learned a level 4 spell: Iskenderun's Mystic Blast
 28837 | Lab      | Reached skill level 5 in Transmutations
 28855 | Lab      | Learned a level 3 spell: Ozocubu's Armour
 28860 | Lab      | Learned a level 4 spell: Force Lance
 28884 | Lab      | Identified a +6 rod of destruction (14/14) (You found it in a labyrinth)
 28887 | Lab      | Identified a +2 rod of clouds (14/14) (You found it in a labyrinth)
 29216 | Lair:7   | Reached skill level 1 in Evocations
 29350 | Lair:8   | Reached skill level 1 in Hexes
 29478 | Lair:8   | Reached skill level 1 in Translocations
 29550 | Lair:8   | Reached skill level 1 in Charms
 30109 | Lair:8   | Reached skill level 16 in Spellcasting
 30227 | Lair:8   | Learned a level 2 spell: Repel Missiles
 30231 | Lair:8   | Learned a level 2 spell: Blink
 30936 | Lair:8   | Found a burning altar of Makhleb.
 30941 | Lair:8   | Found a gateway to Hell.
 32597 | Lair:1   | Killed a seven-headed hydra
 32908 | Orc:1    | Entered Level 1 of the Orcish Mines
 33921 | Orc:3    | Found a staircase to the Elven Halls.
 34156 | Orc:4    | Entered Level 4 of the Orcish Mines
 34156 | Orc:4    | Found Sadoiho's Armour Boutique.
 34323 | Orc:4    | Noticed an orc warlord
 34332 | Orc:4    | Found Bvinem's Bounteous Boutique.
 34488 | Orc:4    | Found Ixeerghi's Antique Armour Boutique.
 34597 | Orc:2    | Noticed Nergalle
 34602 | Orc:2    | Noticed Sonja
 34879 | Orc:2    | Killed Sonja
 34973 | Orc:2    | Killed Nergalle
 35161 | Orc:2    | Found a burning altar of Makhleb.
 35171 | Orc:2    | Found a roughly hewn altar of Beogh.
 35411 | Orc:1    | Found a roughly hewn altar of Beogh.
 35476 | Orc:1    | Noticed Harold
 35501 | Orc:1    | Killed Harold
 35723 | Orc:4    | Received a gift from Sif Muna
 35747 | Orc:4    | Found Boysau's General Store.
 35808 | Orc:4    | Reached skill level 5 in Charms
 36228 | Orc:4    | Noticed an orc warlord
 36271 | Orc:4    | Identified Sif Muna's Grimoire of Aerial Conjuration (Sif Muna gifted it to you on level 4 of the Orcish Mines)
 36533 | Orc:4    | Reached skill level 5 in Translocations
 36539 | Orc:4    | Found Boupsir's Antique Weapon Boutique.
 36822 | Orc:4    | Reached XP level 15. HP: 48/66 MP: 35/36
 36870 | Orc:4    | Killed an orc warlord
 37194 | Orc:4    | Found Dewi's Book Shop.
 37970 | D:4      | Bought a ring of the Octopus King {rN+ AC+1 EV+1 Str+1 Int+1 Dex+1} for 583 gold pieces
 38246 | Orc:4    | Bought a scroll of brand weapon for 280 gold pieces
 38246 | Orc:4    | Bought a potion of beneficial mutation for 490 gold pieces
 38248 | Orc:4    | Gained mutation: You have a pair of small horns on your head. [potion of beneficial mutation]
 38272 | Elf:1    | Entered Level 1 of the Elven Halls
 38394 | Elf:1    | Reached skill level 5 in Hexes
 38779 | Elf:1    | Reached skill level 17 in Spellcasting
 40042 | Elf:2    | Received a gift from Sif Muna
 40697 | Lair:6   | Learned a level 1 spell: Apportation
 40699 | Lair:6   | Learned a level 1 spell: Animate Skeleton
 40804 | Snake:1  | Entered Level 1 of the Snake Pit
 42795 | Snake:2  | Found a frozen archway.
 42836 | Snake:2  | Noticed Norris
 42891 | IceCv    | Entered an ice cave
 43045 | IceCv    | Reached skill level 10 in Dodging
 44258 | D:13     | Found a runed door.
 44475 | D:13     | Reached XP level 16. HP: 71/71 MP: 38/38
 44478 | D:13     | Found a portal to a secret trove of treasure.
 44699 | Lair:2   | Learned a level 5 spell: Phase Shift
 44706 | Lair:2   | Learned a level 6 spell: Dispersal
 45221 | D:13     | Learned a level 3 spell: Passwall
 46000 | D:13     | Noticed a storm dragon
 46241 | D:13     | Killed a storm dragon
 46241 | D:13     | Received a gift from Sif Muna
 46241 | D:13     | Reached skill level 10 in Translocations
 46242 | D:13     | Identified Noasiuf's Grimoire of Shifting Aid (Sif Muna gifted it to you on level 13 of the Dungeon)
 46712 | Lair:6   | Learned a level 6 spell: Deflect Missiles
 47110 | D:4      | Bought an uncursed ring of wizardry for 420 gold pieces
 47113 | D:4      | Upgraded the game from 0.17-a0-1450-g7e755d1 to 0.17-a0-1468-gbf503c2
 47701 | Swamp:1  | Entered Level 1 of the Swamp
 48073 | Swamp:1  | Reached skill level 18 in Spellcasting
 48073 | Swamp:1  | Reached skill level 5 in Air Magic
 48349 | Swamp:1  | Noticed Aizul
 48372 | Swamp:1  | Killed Aizul
 48548 | Swamp:1  | Your ally Aizul died
 48804 | Swamp:1  | Reached skill level 1 in Shields
 49345 | Swamp:1  | Got an ancient falchion
 49348 | Swamp:1  | Identified the +8 falchion "Geikhlasch" {slice, rN+ Str-5 Int+4} (You found it on level 1 of the Swamp)
 49630 | Swamp:2  | Noticed Louise
 49644 | Swamp:2  | Killed Louise
 50394 | Swamp:2  | Identified a scroll of acquirement
 50396 | Swamp:2  | Got a jewelled cloak
 50407 | Swamp:2  | Identified the +0 cloak of the Wilderness {Str+3} (You acquired it on level 2 of the Swamp)
 50503 | Swamp:2  | Your ally Louise died
 50668 | Snake:2  | Reached skill level 1 in Armour
 51266 | Snake:2  | Killed Norris
 51367 | Snake:2  | Your ally Norris died
 51709 | Snake:2  | Found an opulent altar of Gozag.
 51735 | Snake:2  | Noticed a greater naga
 51768 | Snake:2  | Killed a greater naga
 52059 | Snake:2  | Received a gift from Sif Muna
 52064 | Snake:2  | Identified Sif Muna's Grimoire of the Unstable Rocks (Sif Muna gifted it to you on level 2 of the Snake Pit)
 52068 | Snake:2  | Learned a level 2 spell: Stoneskin
 52467 | Snake:2  | Reached skill level 1 in Necromancy
 53424 | Snake:3  | Reached XP level 17. HP: 75/75 MP: 38/40
 54659 | Snake:3  | Reached skill level 19 in Spellcasting
 55293 | Snake:4  | Entered Level 4 of the Snake Pit
 55307 | Snake:4  | Reached skill level 5 in Armour
 56203 | Lair:2   | Learned a level 1 spell: Magic Dart
 56208 | Lair:2   | Learned a level 3 spell: Gell's Gravitas
 56581 | Swamp:2  | Gained mutation: Your flesh is heat resistant. [potion of mutation]
 56581 | Swamp:2  | Gained mutation: You are dopey. (Int -2) [potion of mutation]
 56581 | Swamp:2  | Gained mutation: You expend magic power (3 MP) to strengthen your wands. [potion of mutation]
 56582 | Swamp:2  | Gained mutation: You can breathe flames. [potion of mutation]
 56582 | Swamp:2  | Gained mutation: You have very sharp teeth. [potion of mutation]
 56687 | Swamp:3  | Noticed Roxanne
 57536 | Swamp:3  | Noticed Mara
 59736 | Swamp:4  | Entered Level 4 of the Swamp
 60144 | Swamp:4  | Received a gift from Sif Muna
 60144 | Swamp:4  | Reached skill level 1 in Throwing
 60146 | Swamp:4  | Identified Tymaimogh's Tome of Mutagenic Beguiling (Sif Muna gifted it to you on level 4 of the Swamp)
 62025 | Orc:3    | Killed an orc warlord
 62971 | Elf:2    | Lost mutation: You expend magic power (3 MP) to strengthen your wands. [potion of cure mutation]
 62971 | Elf:2    | Lost mutation: You can breathe flames. [potion of cure mutation]
 62971 | Elf:2    | Lost mutation: You are dopey. (Int -2) [potion of cure mutation]
 63316 | Elf:2    | Found a runed gate.
 63316 | Elf:2    | Found a runed gate.
 63317 | Elf:2    | Found a runed gate.
 63415 | Elf:2    | Reached XP level 18. HP: 73/79 MP: 14/42
 63704 | Elf:2    | Noticed a deep elf blademaster
 63714 | Elf:2    | Killed a deep elf blademaster
 64959 | Elf:3    | Entered Level 3 of the Elven Halls
 64959 | Elf:3    | Found Cikheava's Antique Armour Shop.
 64973 | Elf:3    | Found Afiat's Book Shop.
 65210 | Elf:3    | Found Joti's General Store.
 65214 | Elf:3    | Bought a scroll of recharging for 142 gold pieces
 65255 | Elf:3    | Noticed Jorgrun
 65276 | Elf:3    | Killed Jorgrun
 65276 | Elf:3    | Reached skill level 15 in Stealth
 65399 | Elf:3    | Found Qiloy's Magic Scroll Emporium.
 65404 | Elf:3    | Bought a scroll of acquirement for 624 gold pieces
 65404 | Elf:3    | Bought a scroll of enchant weapon for 90 gold pieces
 65405 | Elf:3    | Got a bloodstained robe
 65416 | Elf:3    | Identified the +3 robe "Luonot" {rElec rPois rF+ MR-} (You acquired it on level 3 of the Elven Halls)
 65466 | Elf:3    | Found an ancient bone altar of Kikubaaqudgha.
 65514 | Elf:3    | Found Xobi's Antique Weapon Boutique.
 65646 | Elf:3    | Reached skill level 20 in Spellcasting
 66273 | Elf:3    | Received a gift from Sif Muna
 66274 | Elf:3    | Identified Sif Muna's Almanac of Talismans and Fire (Sif Muna gifted it to you on level 3 of the Elven Halls)
 66277 | Elf:3    | Got a fabulously ornate robe
 66284 | Elf:3    | Identified the +2 robe of the Bull {Dex+3} (You took it off a deep elf death mage on level 3 of the Elven Halls)
 66435 | Elf:3    | Got a flickering iron ring
 66439 | Elf:3    | Identified the ring of Goezxoor {*Contam +Fly rC+ rN+} (You took it off a deep elf master archer on level 3 of the Elven Halls)
 66554 | Elf:3    | Got a twisted swamp dragon armour
 66601 | Elf:2    | Identified the +2 swamp dragon armour of Woukin {rPois rCorr Int+4} (You took it off a deep elf blademaster on level 3 of the Elven Halls)
 66847 | Elf:3    | Reached skill level 5 in Short Blades
 66851 | Elf:3    | Got a wavering ivory amulet
 68123 | Elf:3    | Learned a level 4 spell: Sticky Flame
 68241 | Elf:3    | Identified Iskenderun's Collected Works on Burning Confrontation
 68249 | Elf:3    | Got a pitted hand crossbow
 68250 | Elf:3    | Identified the amulet of the Nine Realms {Spirit rF- Dex+7 Stlth+} (You took it off a deep elf death mage on level 3 of the Elven Halls)
 68258 | Elf:3    | Identified the +2 hand crossbow "Spiderbane" {flame, *Corrode rElec MR+ Int-2} (You found it on level 3 of the Elven Halls)
 68260 | Elf:3    | Identified a +2 rod of shadows (11/11) (You took it off a deep elf sorcerer on level 3 of the Elven Halls)
 68285 | Elf:3    | Upgraded the game from 0.17-a0-1468-gbf503c2 to 0.17-a0-1475-g9f81d98
 70809 | Swamp:3  | Noticed nubinia's illusion
 71487 | Swamp:4  | Reached XP level 19. HP: 84/84 MP: 11/44
 71823 | Swamp:4  | Got a decaying rune of Zot
 72448 | Snake:4  | Reached skill level 15 in Dodging
 75157 | Snake:4  | Got a serpentine rune of Zot
 75704 | D:14     | Found a gate to the Vaults.
 75924 | D:14     | Reached skill level 10 in Charms
 76707 | Vaults:1 | Entered Level 1 of the Vaults
 78862 | Elf:3    | Bought a book of Death for 910 gold pieces
 78868 | Elf:3    | Learned a level 5 spell: Bolt of Draining
 79363 | Vaults:2 | Reached XP level 20. HP: 88/88 MP: 45/45
 79579 | Vaults:2 | Reached skill level 21 in Dodging
 79778 | Vaults:2 | Received a gift from Sif Muna
 79779 | Vaults:2 | Identified Sif Muna's Handbook of Lightness and Battle Magic (Sif Muna gifted it to you on level 2 of the Vaults)
 81884 | Vaults:3 | Reached skill level 10 in Conjurations
 81901 | Vaults:3 | Slain by a vault warden

Vault maps used:
D:1:      ncdulo_halloftheorcs, minmay_misc_feat_iff
D:2:      overflow_temple_1_default, nemelex_xobeh_ov_fountains_minmay,
          lemuel_round_altar
D:4:      serial_shops, kennysheep_mini_moat, nrook_mini_vaults
D:5:      minmay_overflow_temple_hex, first_bread, basic_altar,
          lemuel_tele_altar, uniq_edmund
D:6:      lemuel_round_altar, minmay_temple_entry_glass
D:7:      kennysheep_pointless_box, grunt_livestock
D:8:      old_standard_altar, basic_altar, nicolae_ashenzari_panopticon
D:9:      serial_shops, nicolae_shop_stone
D:10:     lair_0_dummy, minmay_misc_feat_rows, kennysheep_small_square
D:11:     erik_orc_2, okawaru_ov_weapons_minmay, uniq_snorg
D:12:     grunt_ministairs_4, uniq_psyche, uniq_maud
D:13:     enter_trove_5, lightli_airlock
D:14:     lightli_vaults_fourway_checkpoint, hangedman_decor_slide_cut
Lair:1:   serial_bayou_pond_a
Lair:2:   grunt_megastairs_2, uniq_erica
Lair:4:   infiniplex_staircase_pool_2
Lair:5:   spider_nest_entry_a, lemuel_fruit_fields, serial_bayou_shore_a
Lair:6:   minmay_swamp_entry_worms, guppyfry_snake_entry_island
Lair:7:   slime_altar_1
Lair:8:   evil_forest, lab_entry_generic, st_stairs_11
Swamp:1:  serial_swamp_ruin, evilmike_swamp_ruin_house_5,
          evilmike_swamp_ruin_rubble_1, uniq_aizul
Swamp:2:  evilmike_swamp_ruin_house_2, infiniplex_staircase_pool, uniq_louise
Swamp:3:  hangedman_swamp_pad, uniq_mara, uniq_roxanne
Swamp:4:  swamp_vile
Snake:2:  basic_altar, portal_ice_cave_entry_ugly_swarm, lemuel_fruit_tree,
          uniq_norris
Snake:4:  snake_pit, st_stairs_10
Orc:1:    mines2_david, uniq_harold
Orc:2:    basic_altar, david_defended_altar_orc, uniq_sonja, uniq_nergalle
Orc:3:    nicolae_orc_pool_cavern, nicolae_orc_sculptors_studio
Orc:4:    grunt_orc_gardens, grunt_orc_garden, grunt_orc_garden,
          grunt_orc_garden, grunt_orc_garden, serial_shops, nicolae_shop_stone,
          special_room, nicolae_alphabet_shops
Elf:1:    eino_elf_arrival_the_gate, special_room, minivault_28,
          corexii_hall_statues_x
Elf:3:    elf_hall_gauntlet_narrow, serial_shops, shop, shop, shop,
          nicolae_shop_statue_plus, shop, basic_altar, uniq_jorgrun
Vaults:1: v_misc_1, v_rooms_1, nicolae_vaults_theta,
          ontoclasm_vaults_ring_small, nicolae_vaults_little_squares_3,
          vaults_standard_mumra_lines, vaults_dpeg_cross, vaults_mumra_hexcomb,
          vaults_room_large_hall, ontoclasm_vaults_loading_screen
Vaults:2: hangedman_vaults_stagger, minmay_crypt_entry_simple_plaza, v_misc_28,
          st_lines, ontoclasm_vaults_pinch, nicolae_vaults_circle_grid_a,
          hangedman_vaults_river_flow, nicolae_vaults_asterisk,
          grunt_vaults_funnel, nicolae_vaults_yaktaur_gun_rack,
          ontoclasm_vaults_shuriken
Vaults:3: vaults_room_stairs_pillars, v_misc_30, nicolae_vaults_asterisk,
          hangedman_vaults_impose, v_misc_1, nicolae_vaults_meeting, v_misc_17,
          v_misc_19, v_rooms_4, nicolae_vaults_big_ls, ontoclasm_vaults_chip,
          v_misc_30, v_misc_8, ontoclasm_vaults_decontamination
Lab:      labyrinth_skeletal_remains, nicolae_lab_x, nicolae_lab_big_swirl,
          nicolae_lab_starburst, lab_block, nicolae_lab_do_over
IceCv:    ice_cave_small_demon

Action                   |  1- 3 |  4- 6 |  7- 9 | 10-12 | 13-15 | 16-18 | 19-21 || total
-------------------------+-------+-------+-------+-------+-------+-------+-------++-------
Melee: Unarmed           |     1 |       |       |       |       |       |       ||     1
       Short sword       |    48 |   153 |    93 |   116 |       |       |       ||   410
       Dagger            |       |       |       |   302 |  1316 |  1250 |  1187 ||  4055
       Trident           |       |       |       |     5 |     2 |       |       ||     7
 Fire: Hunting sling     |       |    35 |   332 |   556 |   237 |   385 |    41 ||  1586
       Hand crossbow     |       |       |    32 |    22 |       |       |       ||    54
       Blowgun           |       |       |       |       |       |   125 |     4 ||   129
 Cast: Sting             |    88 |   132 |   239 |   452 |   357 |    92 |       ||  1360
       Mephitic Cloud    |       |       |    35 |   123 |   267 |   176 |   121 ||   722
       Cure Poison       |       |       |       |    21 |    75 |    24 |     6 ||   126
       Olgreb's Toxic Ra |       |       |       |    20 |    69 |    12 |     4 ||   105
       Stone Arrow       |       |       |       |    28 |    65 |       |       ||    93
       Force Lance       |       |       |       |       |   162 |   320 |   126 ||   608
       Dazzling Spray    |       |       |       |       |   108 |   396 |   137 ||   641
       Ozocubu's Armour  |       |       |       |       |    28 |    10 |       ||    38
       Iskenderun's Myst |       |       |       |       |    23 |   163 |    67 ||   253
       Blink             |       |       |       |       |     3 |     7 |       ||    10
       Repel Missiles    |       |       |       |       |     2 |     2 |       ||     4
       Animate Skeleton  |       |       |       |       |    12 |   135 |   108 ||   255
       Apportation       |       |       |       |       |     1 |     3 |       ||     4
       Phase Shift       |       |       |       |       |       |    37 |    13 ||    50
       Deflect Missiles  |       |       |       |       |       |    15 |     4 ||    19
       Stoneskin         |       |       |       |       |       |    25 |    14 ||    39
       Magic Dart        |       |       |       |       |       |    54 |     9 ||    63
       Passwall          |       |       |       |       |       |     2 |       ||     2
       Sticky Flame      |       |       |       |       |       |       |     5 ||     5
       Dispersal         |       |       |       |       |       |       |     1 ||     1
       Bolt of Draining  |       |       |       |       |       |       |    19 ||    19
Invok: Channel Energy    |       |       |       |       |       |     2 |       ||     2
       Forget Spell      |       |       |       |       |       |       |     1 ||     1
Evoke: Wand              |       |       |       |       |    18 |    26 |     4 ||    48
       Rod               |       |       |       |       |    10 |     1 |     6 ||    17
       Stone of tremors  |       |       |       |       |     2 |     3 |       ||     5
       Phial of floods   |       |       |       |       |       |     1 |       ||     1
       Lamp of fire      |       |       |       |       |       |     1 |       ||     1
  Use: Potion            |     2 |       |       |     5 |     3 |    11 |     1 ||    22
       Scroll            |     3 |     5 |     2 |    14 |    11 |    29 |     4 ||    68
 Stab: Sleeping          |     6 |    16 |     6 |    25 |    40 |    13 |    38 ||   144
       Confused          |       |       |     1 |    33 |   108 |   110 |    70 ||   322
       Petrified         |       |       |       |       |     2 |       |       ||     2
       Distracted        |       |       |       |       |     5 |    22 |    17 ||    44
       Invisible         |       |       |       |       |    16 |    39 |    34 ||    89
  Eat: Bread ration      |       |     1 |       |     1 |     1 |     4 |     3 ||    10
       Royal jelly       |       |       |     1 |       |       |     1 |       ||     2
       Pizza             |       |       |       |     2 |     4 |     1 |     1 ||     8
       Fruit             |       |       |       |     1 |    13 |     6 |       ||    20
